Map: Romanticide LE

Players

PtitDrogo

  • Race: Protoss Protoss

Lilbow - Winner!

  • Race: Protoss Protoss

Event: DreamHack SC2 Masters 2021 Fall

VOD

Have the link to the VOD?

Description

Time

  • Played on: Aug. 1, 2021, 11:08 a.m.
  • Length: 8:45

All games in this series

Show
View Real Time Build Order
Export as new Build Order

PtitDrogo Protoss 

Build Orders: Phoenix Opening, Zealot Archon 

Get SALT Encoding   

  12  0:00  Probe  
  13  0:12  Probe  
  14  0:17  Pylon  
  14  0:24  Probe (Chrono Boost)  
  15  0:36  Probe (Chrono Boost)  
  15  0:37  Gateway  
  16  0:44  Probe (Chrono Boost)  
  16  0:46  Assimilator  
  17  0:51  Probe  
  17  0:54  Assimilator  
  18  1:04  Probe (Chrono Boost)  
  18  1:08  Gateway  
  19  1:13  Probe (Chrono Boost)  
  20  1:19  Probe  
  21  1:25  Cybernetics Core  
  21  1:31  Probe  
  22  1:34  Pylon  
  22  1:43  Probe  
  23  1:55  Probe  
  24  2:03  Sentry  
  24  2:04  Stalker  
  24  2:06  Warp Gate  
  28  2:12  Pylon  
  28  2:29  Stalker  
  30  2:36  Phoenix  
  30  2:42  Nexus  
  29  2:46  Shield Battery, Probe (Chrono Boost)  
  29  2:51  Sentry  
  32  2:56  Probe (Chrono Boost)  
  33  3:01  Probe (Chrono Boost)  
  34  3:08  Pylon  
  34  3:13  Probe (Chrono Boost)  
  34  3:17  Sentry  
  37  3:23  Probe (Chrono Boost)  
  37  3:25  Pylon  
  38  3:27  Phoenix  
  38  3:28  Probe (Chrono Boost)  
  38  3:31  Twilight Council  
  39  3:38  Forge  
  39  3:44  Probe (Chrono Boost)  
  40  3:54  Probe (Chrono Boost)  
  41  4:01  Probe (Chrono Boost)  
  43  4:03  Probe (Chrono Boost)  
  43  4:07  Blink (Chrono Boost)  
  43  4:08  Probe (Chrono Boost)  
  43  4:09  Probe (Chrono Boost)  
  44  4:10  Protoss Ground Weapons Level 1 (Chrono Boost), Phoenix  
  45  4:20  Probe (Chrono Boost)  
  47  4:25  Probe (Chrono Boost)  
  47  4:26  Probe (Chrono Boost)  
  48  4:32  Nexus, Probe  
  48  4:37  Probe  
  50  4:45  Robotics Facility  
  50  4:46  Probe  
  50  4:47  Pylon  
  50  4:50  Assimilator, Probe  
  52  4:56  Phoenix  
  53  5:00  Gateway, Probe (Chrono Boost)  
  53  5:02  Gateway  
  53  5:03  Probe (Chrono Boost)  
  54  5:09  Pylon  
  56  5:14  Probe (Chrono Boost)  
  56  5:15  Probe (Chrono Boost)  
  56  5:17  Stalker  
  56  5:19  Stalker, Probe (Chrono Boost)  
  61  5:23  Probe (Chrono Boost)  
  62  5:29  Shield Battery  
  62  5:30  Probe (Chrono Boost)  
  62  5:33  Observer  
  65  5:36  Phoenix  
  65  5:40  Probe x2 (Chrono Boost)  
  66  5:44  Probe (Chrono Boost)  
  66  5:45  Probe (Chrono Boost)  
  66  5:46  Probe  
  69  5:50  Observer  
  69  5:54  Immortal  
  69  5:56  Probe  
  74  5:57  Probe  
  74  5:58  Probe  
  74  6:00  Gateway x2  
  74  6:04  Stalker  
  78  6:05  Stalker  
  78  6:07  Charge (Chrono Boost)  
  78  6:08  Probe  
  78  6:09  Pylon  
  81  6:13  Probe  
  81  6:15  Probe  
  81  6:16  Assimilator  
  81  6:17  Protoss Ground Weapons Level 2 (Chrono Boost)  
  83  6:20  Probe  
  83  6:24  Templar Archives  
  85  6:25  Probe  
  85  6:30  Pylon  
  85  6:34  Gateway x2  
  85  6:37  Gateway  
  85  6:38  Gateway  
  85  6:47  Warp Prism  
  85  6:52  Pylon  
  87  6:55  Nexus  
  87  7:03  High Templar x2, Zealot x4  
  87  7:07  Archon  
  99  7:20  Pylon  
  99  7:21  Probe  
  99  7:22  Pylon  
  100  7:23  Pylon  
  100  7:24  Photon Cannon  
  100  7:29  Probe  
  101  7:34  High Templar  
  101  7:35  High Templar, Zealot x5  
  115  7:38  Pylon  
  115  7:39  Archon  
  115  7:40  Shield Battery  
  115  7:41  Photon Cannon  
  115  7:47  Zealot x3  
  121  7:58  Zealot x5  
  121  8:02  Probe  
  121  8:04  Probe  
  97  8:09  Zealot x2  
  97  8:10  Zealot x3  
  88  8:19  High Templar x4, Zealot  
  87  8:23  Archon x2  
  87  8:25  Shield Battery x2  
  86  8:30  Zealot x5  
  78  8:41  Zealot  
Show
View Real Time Build Order
Export as new Build Order

Lilbow Protoss - Winner!

Build Orders: Zealot Archon 

Get SALT Encoding   

  12  0:00  Probe  
  13  0:12  Probe  
  14  0:16  Pylon  
  14  0:24  Probe (Chrono Boost)  
  16  0:36  Probe (Chrono Boost)  
  16  0:37  Gateway  
  16  0:42  Probe (Chrono Boost)  
  16  0:46  Assimilator  
  17  0:51  Probe  
  18  1:03  Probe (Chrono Boost)  
  19  1:04  Assimilator  
  19  1:11  Gateway  
  19  1:12  Probe (Chrono Boost)  
  19  1:17  Probe (Chrono Boost)  
  20  1:24  Cybernetics Core  
  21  1:29  Probe  
  22  1:34  Pylon  
  22  1:41  Probe  
  23  1:53  Probe  
  24  2:01  Stalker x2  
  28  2:04  Warp Gate  
  28  2:05  Probe  
  29  2:17  Probe  
  30  2:23  Pylon  
  30  2:41  Stalker x2  
  34  2:58  Nexus  
  34  3:01  Probe  
  35  3:11  Pylon  
  35  3:13  Probe  
  36  3:24  Twilight Council  
  36  3:26  Probe (Chrono Boost)  
  37  3:35  Forge, Probe (Chrono Boost)  
  37  3:40  Probe (Chrono Boost)  
  39  3:52  Probe (Chrono Boost)  
  39  3:53  Sentry x2  
  44  4:01  Blink  
  44  4:02  Probe (Chrono Boost)  
  45  4:09  Protoss Ground Weapons Level 1  
  46  4:10  Phoenix, Probe (Chrono Boost)  
  46  4:11  Probe (Chrono Boost)  
  47  4:20  Probe (Chrono Boost)  
  47  4:21  Probe (Chrono Boost)  
  49  4:27  Probe (Chrono Boost)  
  49  4:29  Probe (Chrono Boost)  
  51  4:37  Nexus  
  51  4:40  Probe x2  
  51  4:43  Robotics Facility  
  53  4:46  Assimilator  
  53  4:52  Probe x2  
  55  4:54  Phoenix  
  55  5:04  Probe x2  
  55  5:05  Pylon  
  55  5:06  Gateway  
  57  5:07  Gateway  
  57  5:16  Probe x2 (Chrono Boost)  
  59  5:28  Probe x2 (Chrono Boost)  
  61  5:29  Gateway x2  
  61  5:30  Pylon  
  61  5:31  Observer  
  61  5:34  Probe x2 (Chrono Boost)  
  64  5:40  Stalker x2  
  64  5:41  Phoenix  
  68  5:45  Probe x2 (Chrono Boost)  
  68  5:49  Probe (Chrono Boost)  
  73  5:59  Charge (Chrono Boost), Gateway, Probe x3 (Chrono Boost)  
  73  6:01  Gateway  
  73  6:03  Sentry  
  76  6:04  Zealot x2  
  76  6:06  Probe  
  76  6:08  Zealot  
  83  6:18  Nexus  
  83  6:22  Pylon  
  83  6:26  Zealot x2  
  83  6:27  Templar Archives  
  83  6:31  Warp Prism  
  89  6:38  Zealot x2  
  93  6:45  Pylon  
  93  6:46  Pylon  
  93  6:49  Zealot x3  
  99  6:57  Zealot  
  101  7:02  Pylon  
  101  7:09  High Templar x4  
  101  7:11  Zealot x2  
  101  7:12  Probe  
  101  7:13  Probe x2  
  113  7:17  Archon x2  
  111  7:23  Zealot x2  
  111  7:27  Gateway  
  115  7:31  Gateway  
  115  7:33  Zealot x2  
  115  7:35  Gateway  
  119  7:41  Zealot  
  119  7:42  Zealot x2  
  119  7:43  Pylon, Stalker  
  119  7:44  Stalker x2  
  131  7:57  Zealot x2  
  135  8:03  Zealot x3  
  118  8:08  Zealot x3  
  118  8:10  Probe x2  
  118  8:11  Observer  
  117  8:17  Probe x2  
  115  8:20  High Templar x2  
  115  8:22  Probe  
  115  8:24  Zealot x4  
  115  8:25  Archon  
  128  8:28  Zealot x4  

Tags
 
Add a new tag
Caveats
  • Supply blocks, unpowered buildings, or Contaminate may cause inaccurate times.
  • Supply counts are checked every 10 seconds.